 Dungeon Crawl Stone Soup version 0.28.0-53-g5a82cb258f (webtiles) character file.

Game seed: 17348824046446990899

1488 SanguineChosen the Cleaver (level 8, -1/71 HPs)
             Began as a Minotaur Berserker on Aug 2, 2022.
             Was a Priest of Trog.
             Slain by a yak (5 damage)
             ... on level 6 of the Dungeon.
             The game lasted 00:16:12 (6282 turns).

SanguineChosen the Cleaver (Minotaur Berserker)     Turns: 6282, Time: 00:16:13

Health: -1/71      AC: 13    Str: 24    XL:     8   Next: 51%
Magic:  7/7        EV: 12    Int:  4    God:    Trog [***...]
Gold:   362        SH:  0    Dex: 16    Spells: 7/7 levels left

rFire   . . .      SeeInvis .   a - +1 hand axe
rCold   . . .      Faith    .   (no shield)
rNeg    + . .      Spirit   .   l - +0 pearl dragon scales
rPois   .          Reflect  .   (helmet restricted)
rElec   .          Harm     .   (no cloak)
rCorr   .          Rampage  .   (no gloves)
Will    .....                   (no boots)
Stlth   ..........              (no amulet)
HPRegen 0.21/turn               n - +6 ring of dexterity
MPRegen 0.10/turn               (no ring)

@: no status effects
A: horns 2, retaliatory headbutt
a: Renounce Religion, Berserk, Trog's Hand


You were on level 6 of the Dungeon.
You worshipped Trog.
Trog was most pleased with you.
You visited 1 branch of the dungeon, and saw 6 of its levels.

You collected 362 gold pieces.

Inventory:

Hand Weapons
 a - a +1 hand axe (weapon)
Missiles
 s - 6 poisoned darts (quivered)
Armour
 l - +0 pearl dragon scales (worn)
Jewellery
 b - an amulet of guardian spirit
 n - a +6 ring of dexterity (left hand)
Scrolls
 f - 2 scrolls of teleportation
 g - a scroll of summoning {unknown}
 i - a scroll of fear
 k - a scroll of brand weapon {unknown}
 m - a scroll of amnesia {unknown}
 o - 3 scrolls of enchant weapon
 q - a scroll of silence {unknown}
 r - a scroll of enchant armour {unknown}
Potions
 c - a potion of lignification
 d - a potion of brilliance {unknown}
 h - 2 potions of flight
 j - a potion of berserk rage
 t - a potion of mutation {unknown}


   Skills:
 + Level 6.4 Fighting
 + Level 8.9 Axes
 + Level 7.2 Armour
 + Level 4.1 Dodging
 + Level 1.6 Stealth


You had 7 spell levels left.
You didn't know any spells.
Your spell library was empty.

Dungeon Overview and Level Annotations

Branches:
Dungeon (6/15)             Temple (0/1) D:5

Altars:
Yredelemnul

Shops:
D:1 *

Annotations:
D:6 1 runed translucent door, miket3c's ghost, novice HOFi


Innate Abilities, Weirdness & Mutations

You have a pair of horns on your head.
You reflexively headbutt those who attack you in melee.


Message History

You kill the yak!
Trog accepts your kill.
You hit the yak but do no damage. The yak barely misses you.
You furiously retaliate!
You headbutt the yak.
Your Fighting skill increases to level 6!
Your Armour skill increases to level 7!
Your Dodging skill increases to level 4!
You closely miss the yak.
The yak is almost dead.
You barely miss the yak. The yak misses you.
You hit the yak.
The yak is almost dead.
You barely miss the yak. The yak closely misses you. You furiously retaliate!
You headbutt the yak!
You kill the yak!
Trog accepts your kill. The yak gores you but does no damage.
The yak gores you but does no damage.
There is an open door here.
You closely miss the yak. You headbutt the yak, but do no damage.
The yak is moderately wounded.
You closely miss the hound. You hit the yak but do no damage. x2
The hound bites you but does no damage. The yak closely misses you.
The yak gores you but does no damage.
You closely miss the hound. Your punch misses the hound. You hit the yak.
You hit the yak but do no damage. The hound bites you.
The hound bites you but does no damage. The yak barely misses you.
You slash the hound! You headbutt the hound!
You kill the hound!
Trog accepts your kill.
You hit the yak. x2; The yak gores you but does no damage.
The yak gores you! The yak gores you!
* * * LOW HITPOINT WARNING * * *
You see here a hound corpse.
You barely miss the yak.
The yak is moderately wounded.
You hit the yak. The yak gores you!
* * * LOW HITPOINT WARNING * * *
The yak gores you.
You die...

#..... #.....#...#.......
#....#####.....#...#........
#..#.........#...#........
#............#...#.......
#............#...#.....#
##+##........'...#.....+
#§WO####.....#...#.....#
#§§§#
#.....#Y###.....#######
#.....@Y............[.#
#.....................#
######................#
#................#
####+##...........
#........... #...........
#.....#####. ####.....#


You could see 2 yaks.

Vanquished Creatures
  Sigmund (D:2)
  2 yaks (D:6)
  An ice beast (D:5)
  A water moccasin (D:5)
  A necrophage (D:6)
  A phantom (D:5)
  A centaur (D:5)
  3 scorpions
  A centaur zombie (D:5)
  2 hounds
  An orc priest (D:5)
  2 gnoll shamans (D:5)
  Jessica (D:3)
  8 gnolls
  5 adders
  A shadow imp (D:5)
  A white imp (D:4)
  An adder skeleton (D:4)
  4 dart slugs
  14 orcs
  5 endoplasms
  2 giant cockroaches (D:2)
  4 goblins
  8 hobgoblins
  3 quokkas
  10 ball pythons
  7 bats
  4 frilled lizards
  4 kobolds
  6 rats
105 creatures vanquished.

Notes
Turn   | Place    | Note
-------+----------+-------------------------------------------
     0 | D:1      | SanguineChosen the Minotaur Berserker began the quest for
                  | the Orb.
     0 | D:1      | Reached XP level 1. HP: 19/19 MP: 0/0
   110 | D:1      | Found Yrutouli's Assorted Antiques.
   324 | D:1      | Reached XP level 2. HP: 27/27 MP: 1/1
   380 | D:1      | Reached skill level 4 in Axes
   626 | D:1      | Reached XP level 3. HP: 24/33 MP: 2/2
   946 | D:1      | Found a faded altar of an unknown god.
  1336 | D:2      | Reached ** piety under Trog
  1359 | D:2      | Noticed Sigmund
  1390 | D:2      | Killed Sigmund
  1391 | D:2      | Reached skill level 5 in Axes
  1391 | D:2      | Reached XP level 4. HP: 15/41 MP: 3/3
  1391 | D:2      | Reached XP level 5. HP: 18/47 MP: 4/4
  1811 | D:2      | Reached skill level 5 in Fighting
  3179 | D:3      | Noticed Jessica
  3239 | D:3      | Killed Jessica
  3240 | D:3      | Reached XP level 6. HP: 56/56 MP: 5/5
  4297 | D:4      | Reached skill level 6 in Axes
  4779 | D:5      | Entered Level 5 of the Dungeon
  4964 | D:5      | Found a staircase to the Ecumenical Temple.
  5010 | D:5      | Found a basalt altar of Yredelemnul.
  5030 | D:5      | Reached skill level 5 in Armour
  5048 | D:5      | Reached skill level 1 in Stealth
  5048 | D:5      | Reached XP level 7. HP: 54/61 MP: 6/6
  5249 | D:5      | Reached skill level 7 in Axes
  5364 | D:5      | Reached *** piety under Trog
  5875 | D:5      | Reached XP level 8. HP: 53/70 MP: 7/7
  6198 | D:6      | Reached skill level 8 in Axes
  6236 | D:6      | Found a runed translucent door.
  6237 | D:6      | Noticed miket3c's ghost (novice HOFi)
  6238 | D:6      | Noticed a two-headed ogre
  6282 | D:6      | Slain by a yak

Illustrated notes

Levels and vault maps discovered:
D:1:      minmay_arrival_checkered_box, layout_loops_ring, serial_shops,
          shop_coins, shapermc_ecumenical_altar_mp_vishouse
D:2:      layout_basic, uniq_sigmund
D:3:      layout_basic, serial_co_window_serial, co_window_corner_a,
          co_window_corner_a, co_window_paths_b, co_window_corner_a,
          co_window_paths_a, co_window_of_opportunity_b,
          co_window_unsneaky_path_e, co_window_paths_c,
          co_window_unsneaky_path_b, co_window_unsneaky_path_b,
          co_window_unsneaky_path_b, co_window_4corner_a, co_window_sun,
          glass_columns_c, glass_columns_c, glass_columns_a, glass_columns_c,
          glass_columns_b, uniq_jessica
D:4:      nicolae_cairo_tiling_large, layout_basic, roderic_lattice_a
D:5:      layout_gridville, yredelemnul_altar_generic,
          minmay_temple_entry_statues_fountains, minmay_misc_feat_diagonals,
          kennysheep_another_room
D:6:      layout_gridville, ebering_ghost_inner_flame, uniq_edmund, uniq_pikel

Skill      XL: |  1  2  3  4  5  6  7  8 |
---------------+-------------------------+-----
Fighting       | 4 5 6 |  6.4
Axes           | 4 5 6 7 8 |  8.9
Armour         | 4 5 6 7 |  7.2
Dodging        | 3 4 |  4.1
Stealth        | 1 |  1.6

Action                   |  1- 3 |  4- 6 |  7- 9 || total
-------------------------+-------+-------+-------++-------
Melee: Hand axe          |    71 |   104 |   107 ||   282
       Headbutt          |    11 |    19 |    21 ||    51
       Punch             |       |     1 |     1 ||     2
  Use: Potion            |     4 |       |     3 ||     7
       Scroll            |       |     1 |     5 ||     6
Armor: Animal skin       |     3 |       |       ||     3
       Ring mail         |    28 |     2 |       ||    30
       Pearl dragon scal |       |    37 |    43 ||    80
Dodge: Dodged            |    43 |    48 |    55 ||   146
